 Dungeon Crawl Stone Soup version 0.30-a0-368-g86fb4627a9 (webtiles) character file.

Game seed: 4751908791431231161

1614 qeuew the Trooper (level 8, -1/109 HPs)
             Began as a Minotaur Berserker on Nov 20, 2022.
             Was a Priest of Trog.
             Slain by a yak (11 damage)
             ... on level 7 of the Dungeon.
             The game lasted 00:09:01 (5628 turns).

qeuew the Trooper (Minotaur Berserker)              Turns: 5628, Time: 00:09:02

Health: -1/109     AC: 12    Str: 22    XL:     8   Next: 64%
Magic:  7/7        EV: 11    Int:  4    God:    Trog [***...]
Gold:   309        SH:  0    Dex: 18    Spells: 7/7 levels left

rFire   . . .      SeeInvis .    j - +0 war axe
rCold   . . .      Faith    .    (no shield)
rNeg    . . .      Spirit   .    f - +0 chain mail
rPois   .          Reflect  .    (helmet restricted)
rElec   .          Harm     .    k - +1 cloak
rCorr   +          Rampage  .    (no gloves)
Will    ++...                    (no boots)
Stlth   ..........               (no amulet)
HPRegen 1.38/turn                b - +6 ring of dexterity
MPRegen 0.10/turn                a - ring of resist corrosion

@: berserking (expiring), strong-willed (expiring), regenerating (expiring),
very quick
A: horns 2, retaliatory headbutt
a: Renounce Religion, Berserk, Trog's Hand


You were on level 7 of the Dungeon.
You worshipped Trog.
Trog was most pleased with you.
You visited 1 branch of the dungeon, and saw 7 of its levels.

You collected 309 gold pieces.

Inventory:

Hand Weapons
 c - a +0 sling of draining
 j - a +0 war axe (weapon)
Armour
 f - a +0 chain mail (worn)
 k - a +1 cloak (worn)
Jewellery
 a - a ring of resist corrosion (right hand)
 b - a +6 ring of dexterity (left hand)
 l - a ring of protection from cold
Scrolls
 d - a scroll of acquirement
 g - 2 scrolls of teleportation
 m - a scroll of summoning
Potions
 e - a potion of flight
 h - a potion of might
 i - a potion of haste
 o - 2 potions of curing


   Skills:
 + Level 7.0 Fighting
 + Level 7.0 Axes
 + Level 4.7 Ranged Weapons
 + Level 6.3 Armour
 + Level 5.8 Dodging


You had 7 spell levels left.
You didn't know any spells.
Your spell library was empty.

Dungeon Overview and Level Annotations

Branches:
Dungeon (7/15)
 Temple: D:4-7

Altars:
Vehumet

Shops:
D:2 *   D:4 [


Innate Abilities, Weirdness & Mutations

You have a pair of horns on your head.
You reflexively headbutt those who attack you in melee.


Message History

You slash the yak!
The orc warrior hits you with a +0 war axe.
* * * LOW HITPOINT WARNING * * *
The yak barely misses you. You furiously retaliate!
You headbutt the yak!!
You kill the yak!
Trog accepts your kill.
You slash the orc warrior!
The orc warrior is almost dead.
You hit the yak.
Unknown command.
You are too berserk!
Unknown command.
You hit the orc warrior.
You kill the orc warrior!
Trog accepts your kill.
You slash the yak! The yak gores you but does no damage.
The orc priest looks satisfied for a moment.
Unknown command.
You barely miss the yak. You headbutt the yak!
The yak is heavily wounded.
The orc priest miscasts a cantrip.
The yak completely misses you. The yak barely misses you.
You furiously retaliate!
You headbutt the yak!
Items here: )) [[ ††.
Unknown command.
You hit the orc priest. Your headbutt misses the orc priest.
The orc priest is heavily wounded.
You slash the yak! You hit the yak.
Unknown command.
You slash the orc priest!
You kill the orc priest!
Trog accepts your kill.
You slash the yak! You barely miss the yak.
You feel the effects of Trog's Hand fading.
The yak barely misses you. The yak misses you.
Your Fighting skill increases to level 7!
Your Axes skill increases to level 7!
You closely miss the bullfrog. You slash the yak! x2
The bullfrog closely misses you. The yak gores you!
You die...

### ..# ..# ### ..# ...#
..# ###...# ..# .#.....
..# .......
..###############Y(.....
................@Fo.....
###############Y###.....
...# ..# ##### #


You could see 2 yaks, a bullfrog and an orc.

Vanquished Creatures
  A yak (D:7)
  2 sky beasts
  A black bear (D:5)
  An orc warrior (D:7)
  An ice beast (D:6)
  A phantom (D:5)
  A bullfrog (D:7)
  A gnoll sergeant (D:6)
  2 scorpions
  A howler monkey (D:2)
  Crazy Yiuf (D:2)
  2 jellies (D:6)
  2 orc priests
  4 hounds
  3 iguanas (D:6)
  3 orc wizards
  8 adders
  9 gnolls
  A white imp (D:6)
  A worm (D:2)
  3 dart slugs
  6 orcs
  5 ball pythons
  7 endoplasms
  A giant cockroach (D:2)
  4 goblins (D:1)
  11 hobgoblins
  3 jackals (D:1)
  6 kobolds
  5 quokkas
  8 bats
  4 frilled lizards (D:1)
  6 rats
115 creatures vanquished.

Vanquished Creatures (others)
  4 plants (D:1)
4 creatures vanquished.

Grand Total: 119 creatures vanquished

Notes
Turn   | Place    | Note
-------+----------+-------------------------------------------
     0 | D:1      | qeuew the Minotaur Berserker began the quest for the Orb.
     0 | D:1      | Reached XP level 1. HP: 19/19 MP: 0/0
   123 | D:1      | Reached XP level 2. HP: 26/27 MP: 1/1
   414 | D:1      | Reached ** piety under Trog
   421 | D:1      | Reached XP level 3. HP: 20/33 MP: 2/2
  1046 | D:2      | Found a faded altar of an unknown god.
  1204 | D:2      | Reached XP level 4. HP: 41/41 MP: 3/3
  1237 | D:2      | Found a runed translucent door.
  1238 | D:2      | Noticed Crazy Yiuf
  1276 | D:2      | Found Wyitupau's Assorted Antiques.
  1456 | D:2      | HP: 1/41 [howler monkey (5)]
  1458 | D:2      | Reached skill level 1 in Ranged Weapons
  1702 | D:2      | Killed Crazy Yiuf
  1703 | D:2      | Reached XP level 5. HP: 21/47 MP: 0/4
  2720 | D:3      | Identified a scroll of acquirement
  2956 | D:4      | Reached skill level 5 in Fighting
  3138 | D:4      | Found Ichuguun's Armour Emporium.
  3185 | D:4      | Found a radiant altar of Vehumet.
  3577 | D:4      | Gained mutation: You are robust. (+10% HP) [potion of
                  | mutation]
  3577 | D:4      | Lost mutation: You are robust. (+10% HP) [potion of
                  | mutation]
  3622 | D:5      | Entered Level 5 of the Dungeon
  3705 | D:5      | Reached XP level 6. HP: 52/56 MP: 5/5
  3750 | D:5      | Reached skill level 5 in Axes
  3901 | D:5      | Reached XP level 7. HP: 61/61 MP: 6/6
  3977 | D:5      | Reached *** piety under Trog
  4513 | D:6      | Reached skill level 5 in Armour
  4761 | D:6      | Reached skill level 5 in Dodging
  4969 | D:6      | Reached XP level 8. HP: 56/70 MP: 7/7
  5621 | D:7      | HP: 3/106 [orc warrior/+0 war axe (5)]
  5628 | D:7      | Slain by a yak

Illustrated notes

Levels and vault maps discovered:
D:1:      co_arrival_square_in_a_square_in_a_square, layout_basic,
          serial_bayou_lagoon_a, minmay_fountain_box
D:2:      layout_rooms, shapermc_ecumenical_altar_starsandcircs, serial_shops,
          shop_fountains, uniq_crazy_yiuf_cottage
D:3:      layout_basic
D:4:      layout_layer_cave, mainiacjoe_overflow_catwalk, serial_shops,
          nicolae_shop_behind_doors, minmay_starry_boxes
D:5:      nicolae_cairo_tiling, layout_basic, feat_on_display
D:6:      layout_basic, minmay_a_box_with_orc_wizards_in_it
D:7:      layout_rooms, minmay_temple_entry_trees, serial_shops,
          nicolae_shop_hallway_plus

Skill      XL: |  1  2  3  4  5  6  7  8 |
---------------+-------------------------+-----
Axes           | 4 5 6 7 |  7.0
Fighting       | 4 5 6 7 |  7.0
Armour         | 3 4 5 6 |  6.3
Dodging        | 3 4 5 |  5.8
Ranged Weapons | 1 2 3 4 |  4.7

Action                   |  1- 3 |  4- 6 |  7- 9 || total
-------------------------+-------+-------+-------++-------
Melee: Hand axe          |    94 |    19 |       ||   113
       Headbutt          |    19 |     5 |     6 ||    30
       War axe           |       |     9 |    43 ||    52
 Fire: Sling             |     4 |   132 |   105 ||   241
Invok: Berserk           |       |     2 |     2 ||     4
       Trog's Hand       |       |       |     2 ||     2
  Use: Scroll            |     3 |     9 |     2 ||    14
       Potion            |       |     4 |     3 ||     7
Armor: Animal skin       |    20 |       |       ||    20
       Chain mail        |     2 |   105 |    79 ||   186
Dodge: Dodged            |    60 |    98 |    78 ||   236

Table legend: (Time is in decaauts)
 A = Elapsed time spent in this place.
 B = Non-inter-level travel time spent in this place.
 C = Inter-level travel time spent in this place.
 D = Time resting spent in this place.
 E = Time spent auto-exploring this place.
 F = Levels seen in this place.
 G = Mean time per level.
                   A        B        C        D        E       F      G
               +--------+--------+--------+--------+--------+-----+--------+
         Total |   5818 |   5574 |    244 |      0 |   4664 |   7 |  831.1 |
       Dungeon |   5818 |   5574 |    244 |      0 |   4664 |   7 |  831.1 |
               +--------+--------+--------+--------+--------+-----+--------+

Top non-repeatable levels by time:
     D:6: 1104 daAuts
     D:3: 1071 daAuts
     D:1: 1004 daAuts
     D:5: 882 daAuts
     D:4: 874 daAuts
     D:2: 778 daAuts
     D:7: 102 daAuts
